Map: Ulrena

Players

Chass - Winner!

  • Race: Zerg Zerg
  • League: Master

MorN

  • Race: Terran Terran
  • League: Diamond

VOD

Have the link to the VOD?

Description

Time

  • Played on: Nov. 13, 2015, 11:29 p.m.
  • Length: 12:28
Show
View Real Time Build Order
Export as new Build Order

Chass Zerg - Winner!

Build Orders: Hatch First 

Get SALT Encoding   

  12  0:01  Drone  
  13  0:13  Overlord  
  13  0:20  Drone  
  14  0:31  Drone x2  
  14  0:35  Drone  
  17  0:52  Hatchery  
  17  0:56  Drone  
  17  0:58  Drone  
  18  1:11  Spawning Pool  
  18  1:14  Drone  
  18  1:18  Drone  
  19  1:28  Drone  
  20  1:39  Overlord  
  20  1:52  Drone  
  21  1:59  Queen  
  23  2:02  Zergling x2  
  23  2:06  Queen  
  23  2:07  Zergling x2  
  27  2:12  Drone  
  28  2:17  Drone  
  28  2:22  Drone  
  30  2:26  Drone  
  31  2:33  Drone  
  31  2:36  Queen  
  32  2:38  Drone  
  32  2:43  Drone  
  36  2:46  Extractor  
  36  2:48  Extractor  
  36  2:51  Overlord  
  34  2:54  Overlord  
  34  2:58  Drone  
  35  3:05  Drone  
  36  3:09  Drone  
  36  3:11  Drone  
  36  3:12  Drone, Queen  
  41  3:16  Drone  
  41  3:18  Drone  
  43  3:21  Drone  
  43  3:25  Drone x2  
  43  3:26  Drone  
  46  3:32  Drone  
  46  3:34  Drone  
  46  3:39  Lair  
  47  3:42  Drone  
  47  3:47  Hatchery  
  47  3:51  Evolution Chamber  
  47  3:54  Roach Warren  
  45  3:57  Evolution Chamber  
  45  4:01  Overlord  
  44  4:03  Overlord  
  44  4:09  Drone x3  
  47  4:12  Queen  
  49  4:22  Zerg Ground Armor Level 1, Zerg Melee Weapons Level 1  
  49  4:26  Spore Crawler  
  49  4:27  Spore Crawler  
  47  4:34  Spore Crawler  
  47  4:35  Roach x2  
  47  4:36  Roach  
  47  4:38  Roach  
  54  4:54  Roach x2  
  54  4:55  Roach  
  54  4:58  Drone  
  54  4:59  Drone x5, Extractor x2  
  64  5:20  Glial Reconstitution  
  64  5:25  Drone  
  64  5:31  Queen  
  64  5:33  Queen  
  59  6:01  Drone x4  
  63  6:13  Drone  
  63  6:14  Drone x2  
  63  6:15  Infestation Pit  
  63  6:16  Overlord x2  
  63  6:17  Drone  
  66  6:19  Overlord  
  66  6:22  Zerg Melee Weapons Level 2  
  66  6:23  Zerg Ground Armor Level 2  
  66  6:24  Metabolic Boost  
  66  6:34  Drone x8  
  66  6:35  Drone x2  
  66  6:36  Drone  
  66  6:37  Spore Crawler  
  76  6:42  Drone x2  
  76  6:43  Drone x2  
  76  6:44  Drone  
  76  6:45  Drone  
  83  6:47  Ravager x2  
  83  6:48  Hatchery, Ravager  
  83  6:49  Ravager  
  85  6:56  Hive  
  85  7:02  Drone, Extractor  
  85  7:03  Drone x4, Extractor  
  85  7:06  Zergling x2  
  85  7:08  Drone  
  90  7:09  Baneling Nest, Zergling x2  
  90  7:35  Overlord  
  90  7:38  Overlord  
  90  7:39  Overlord  
  90  7:40  Overlord x2  
  90  7:41  Overlord  
  90  7:42  Overlord  
  90  7:43  Overlord  
  90  8:01  Queen  
  90  8:02  Drone x9  
  90  8:03  Drone x7  
  108  8:12  Roach, Zergling x12  
  116  8:13  Ultralisk Cavern  
  110  8:20  Zergling x2  
  101  8:27  Zergling x4  
  101  8:29  Extractor, Zergling x4  
  101  8:30  Zergling x4  
  101  8:31  Zergling x2  
  101  8:33  Spore Crawler, Extractor  
  100  8:37  Queen  
  100  8:41  Drone x4  
  103  8:42  Drone x4  
  110  8:49  Zergling x2  
  110  8:50  Centrifical Hooks, Zergling x4  
  110  8:53  Zerg Melee Weapons Level 3  
  110  8:54  Zerg Ground Armor Level 3  
  110  8:55  Baneling x2  
  113  8:56  Zergling x6  
  113  8:59  Zergling x2  
  117  9:10  Drone  
  117  9:11  Drone x4  
  117  9:12  Chitinous Plating  
  117  9:15  Ultralisk  
  128  9:19  Ultralisk  
  134  9:27  Baneling x11  
  134  9:28  Baneling x5  
  134  9:29  Baneling x2  
  134  9:31  Zergling x4  
  135  9:33  Overseer x2  
  135  9:36  Zergling x2  
  135  9:37  Zergling x2  
  138  9:39  Zergling x4  
  138  9:40  Zergling x2  
  138  9:45  Ultralisk  
  145  9:50  Overlord, Zergling x2  
  145  9:52  Overlord x2  
  146  9:55  Overlord  
  146  10:08  Adrenal Glands  
  146  10:09  Zergling x2  
  146  10:10  Zergling x22  
  146  10:12  Overlord  
  158  10:27  Overlord x2  
  154  10:43  Spire  
  154  10:47  Hatchery  
  133  11:05  Ultralisk  
  133  11:06  Ultralisk x3  
  133  11:07  Viper x4  
  133  11:08  Viper  
  172  11:15  Evolution Chamber x2  
  172  11:16  Evolution Chamber  
  169  11:20  Ultralisk  
  169  11:21  Ultralisk  
  169  11:22  Zergling x2  
  182  11:35  Ultralisk, Zergling x2  
  182  11:36  Zergling x10  
  182  11:37  Zergling x2  
  195  11:43  Zergling x2  
  195  11:44  Zergling x6  
  199  12:06  Baneling  
  199  12:07  Baneling x14  
  199  12:08  Extractor  
  198  12:10  Extractor  
Show
View Real Time Build Order
Export as new Build Order

MorN Terran 

Build Orders: Liberator Opening, Reaper Expand, MMM Bio 

Get SALT Encoding   

  12  0:01  SCV  
  13  0:13  SCV  
  14  0:18  Supply Depot  
  14  0:25  SCV  
  15  0:39  SCV  
  15  0:42  Barracks  
  16  0:46  Refinery  
  16  0:51  SCV  
  17  1:03  SCV  
  18  1:16  SCV  
  19  1:29  Orbital Command  
  19  1:30  Reaper  
  20  1:44  Command Center  
  20  1:55  Supply Depot  
  20  1:56  SCV  
  21  2:02  Refinery  
  21  2:07  Barracks Reactor  
  21  2:08  SCV  
  22  2:21  SCV  
  23  2:31  Factory  
  23  2:33  SCV  
  23  2:43  Marine x2  
  25  2:50  SCV  
  26  2:59  Orbital Command  
  25  3:14  SCV, Barracks Tech Lab  
  25  3:18  Starport  
  26  3:25  SCV  
  26  3:36  Hellion x2  
  26  3:40  Liberator  
  30  3:41  SCV, Stimpack  
  30  3:44  SCV  
  32  3:53  Marine  
  32  3:55  SCV  
  34  3:58  Hellion x2  
  41  4:02  Supply Depot  
  41  4:07  SCV x2, Armory  
  43  4:12  Marine  
  44  4:19  SCV x2  
  46  4:24  Supply Depot, Hellion x2  
  46  4:29  Liberator  
  50  4:31  SCV  
  50  4:32  SCV  
  50  4:33  Marine  
  53  4:44  SCV  
  54  4:46  SCV  
  54  4:47  Supply Depot  
  54  4:48  Hellion x2  
  62  5:08  SCV x2  
  62  5:12  Hellion x2  
  68  5:21  SCV  
  67  5:33  Hellion x2  
  65  5:55  Hellion x2  
  58  6:15  Combat Shields, Barracks, Starport Reactor  
  62  6:20  Command Center  
  62  6:24  Supply Depot  
  62  6:26  Engineering Bay, Terran Vehicle Weapons Level 1  
  62  6:27  Engineering Bay  
  62  6:31  Barracks  
  58  6:35  Factory Reactor  
  58  6:38  Marauder  
  58  6:39  SCV, Bunker  
  61  6:43  Refinery  
  61  6:44  Refinery  
  61  6:45  SCV  
  62  6:49  Supply Depot  
  62  6:55  Supply Depot, Medivac x2  
  62  6:56  Supply Depot  
  62  6:58  Terran Infantry Weapons Level 1, Terran Infantry Armor Level 1  
  62  6:59  Marine  
  67  7:03  Barracks  
  67  7:04  Barracks  
  67  7:07  Missile Turret  
  67  7:16  Marine  
  67  7:20  Factory Reactor, Marine x4  
  67  7:21  SCV  
  73  7:23  Supply Depot  
  73  7:26  Medivac x2  
  77  7:30  Supply Depot  
  77  7:31  SCV  
  77  7:34  Marine  
  79  7:38  Marine x3  
  79  7:39  Concussive Shells  
  82  7:52  Marine  
  82  7:54  Barracks Reactor, Barracks Tech Lab  
  82  7:58  SCV, Marine x2  
  84  7:59  Barracks x2  
  84  8:00  Barracks  
  84  8:03  Orbital Command  
  86  8:13  Marine x2  
  86  8:14  Marine x2  
  86  8:16  Widow Mine x2, Marine x2  
  89  8:31  Marine x2  
  89  8:32  Marine, Marauder  
  89  8:33  SCV x3  
  88  8:36  Marine x4  
  88  8:37  Supply Depot  
  92  8:45  Supply Depot  
  92  8:49  Marine x2  
  92  8:51  Marauder  
  92  8:53  Marauder  
  92  8:54  Marine x3  
  92  8:55  Barracks Tech Lab x2  
  98  8:56  Barracks Reactor  
  98  9:00  SCV  
  98  9:01  SCV x2  
  100  9:04  Marine  
  100  9:07  Marine x2  
  103  9:12  Marauder  
  103  9:13  SCV  
  103  9:16  Refinery  
  103  9:17  Marine x4  
  106  9:18  Supply Depot, Marauder  
  106  9:19  Terran Infantry Weapons Level 2  
  106  9:21  Terran Infantry Armor Level 2  
  106  9:22  SCV  
  106  9:23  SCV  
  114  9:29  Marine  
  114  9:30  Marine x3  
  118  9:33  Supply Depot, Marauder  
  118  9:34  Supply Depot  
  118  9:35  Supply Depot  
  117  9:45  Marine  
  117  9:46  Marine x3  
  117  9:47  Marauder x2  
  125  9:53  Medivac x2  
  125  9:54  Marine  
  125  9:55  Marauder, Marine  
  133  10:08  Marine x2  
  133  10:09  Marauder, Marine x4  
  133  10:10  Marauder  
  133  10:12  Supply Depot  
  143  10:14  Marine x3  
  143  10:15  SCV x2  
  143  10:17  SCV, Marauder  
  151  10:31  Marauder x2  
  151  10:33  Marauder  
  157  10:40  Liberator  
  157  10:41  Marine x2, Liberator  
  157  10:42  Marauder, Marine  
  157  10:52  Marauder x2  
  157  10:56  Marine x2  
  157  10:57  Marine  
  161  11:02  Marine  
  161  11:03  Marine  
  159  11:06  Marine  
  159  11:07  Marine x2  
  159  11:08  Marine  
  159  11:10  Marine  
  164  11:13  Marine  
  165  11:31  Marine  
  165  11:32  Marine x2  
  168  11:35  Orbital Command  
  168  11:40  Marine x3  
  168  11:41  Marauder  
  173  12:00  Missile Turret x3  
  173  12:01  Missile Turret x2  
  173  12:02  Missile Turret  
  173  12:08  Marine x3  
  173  12:11  Supply Depot  
Tags
 
Add a new tag
Caveats
  • Supply blocks, unpowered buildings, or Contaminate may cause inaccurate times.
  • Supply counts are checked every 10 seconds.